 Dungeon Crawl Stone Soup version 0.30-a0-1050-g2766ea1e55 (webtiles) character file.

Game seed: 3016465675799293807

15806 MacCMillion the Skirmisher (level 11, -11/94 HPs)
             Began as a Demigod Hunter on Apr 11, 2023.
             Mangled by a skyshark (18 damage)
             ... on level 2 of the Lair of Beasts.
             The game lasted 00:18:36 (17160 turns).

MacCMillion the Skirmisher (Demigod Hunter)        Turns: 17160, Time: 00:18:36

Health: -11/94     AC: 14    Str: 12    XL:     11   Next: 73%
Magic:  14/14      EV: 22    Int: 11    God:
Gold:   820        SH:  0    Dex: 35    Spells: 10/10 levels left

rFire   . . .      SeeInvis .    a - +0 shortbow
rCold   . . .      Faith    .    (shield currently unavailable)
rNeg    . . .      Spirit   .    J - +0 steam dragon scales
rPois   .          Reflect  .    P - +1 hat
rElec   .          Rampage  .    l - +2 cloak
rCorr   .                        (no gloves)
Will    +....                    d - +0 pair of boots
Stlth   +++                      K - amulet of regeneration
HPRegen 1.15/turn                M - +6 ring of dexterity
MPRegen 0.14/turn                A - +4 ring of protection

@: about to teleport
A: high MP 1, forlorn, divine attributes
a: no special abilities


You were on level 2 of the Lair of Beasts.
You visited 3 branches of the dungeon, and saw 14 of its levels.

You collected 820 gold pieces.

Inventory:

Hand Weapons
 a - a +0 shortbow (weapon)
Armour
 c - a +1 leather armour
 d - a +0 pair of boots (worn)
 l - a +2 cloak (worn)
 F - a +2 ring mail of fire resistance
 J - +0 steam dragon scales (worn)
 P - a +1 hat (worn)
Jewellery
 j - a +6 ring of strength
 A - a +4 ring of protection (right hand)
 K - an amulet of regeneration (around neck)
 M - a +6 ring of dexterity (left hand)
 S - a ring of ice
Wands
 k - a wand of polymorph (7)
 r - a wand of quicksilver (9)
 H - a wand of paralysis (17)
 L - a wand of flame (12)
 Q - a wand of digging (5)
Scrolls
 b - 4 scrolls of immolation
 f - 2 scrolls of enchant weapon
 h - 6 scrolls of identify
 m - 3 scrolls of vulnerability
 n - 2 scrolls of amnesia
 p - a scroll of noise
 q - 4 scrolls of silence
 t - a scroll of enchant armour
 w - 2 scrolls of blinking
 y - 2 scrolls of teleportation
 E - 2 scrolls of brand weapon
 G - 2 scrolls of magic mapping {unknown}
 N - 2 scrolls of fog
 O - a scroll of torment {unknown}
Potions
 e - 3 potions of lignification
 g - 3 potions of resistance
 i - 4 potions of attraction
 o - a potion of degeneration
 s - a potion of berserk rage
 u - a potion of might
 v - a potion of ambrosia {unknown}
 x - a potion of brilliance {unknown}
 z - 4 potions of curing
 B - a potion of cancellation {unknown}
 C - 4 potions of heal wounds
 D - 2 potions of flight {unknown}
 I - a potion of mutation {unknown}
 R - a potion of magic {unknown}


   Skills:
 + Level 8.0 Fighting
 * Level 14.6 Ranged Weapons
 + Level 8.1 Dodging
 - Level 2.0 Stealth


You had 10 spell levels left.
You didn't know any spells.
Your spell library contained the following spells:

 Spells                   Type           Power      Damage    Failure   Level
 Freeze                   Ice            0%         1d3       34%         1
 Magic Dart               Conj           0%         1d3       34%         1
 Shock                    Conj/Air       0%         1d3       34%         1
 Summon Small Mammal      Summ           0%         N/A       34%         1
 Searing Ray              Conj           0%         2d4       47%         2
 Call Canine Familiar     Summ           0%         N/A       71%         3
 Dazzling Flash           Conj/Hex       0%         N/A       71%         3
 Frozen Ramparts          Ice            0%         1d1       71%         3
 Gell's Gravitas          Tloc           0%         N/A       71%         3
 Hailstorm                Conj/Ice       0%         3d3       71%         3
 Portal Projectile        Hex/Tloc       0%         N/A       71%         3
 Summon Guardian Golem    Hex/Summ       0%         N/A       71%         3
 Swiftness                Air            0%         N/A       71%         3
 Teleport Other           Tloc           0%         N/A       71%         3
 Airstrike                Air            0%         2d(0-16)  98%         4
 Anguish                  Hex/Necr       0%         N/A       98%         4
 Cause Fear               Hex            0%         N/A       98%         4
 Fulminant Prism          Conj/Hex       0%         3d5       98%         4
 Leda's Liquefaction      Hex/Erth       0%         N/A       98%         4
 Agony                    Necr           0%         N/A       100%        5
 Blade Hands              Tmut           0%         N/A       100%        5
 Irradiate                Conj/Tmut      0%         3d11      100%        5
 Silence                  Hex/Air        0%         N/A       100%        5
 Dispersal                Tloc           0%         N/A       100%        6
 Dragon Form              Tmut           0%         N/A       100%        7
 Enfeeble                 Hex            0%         N/A       100%        7


Dungeon Overview and Level Annotations

Branches:
Dungeon (11/15)            Temple (0/1) D:5            Lair (2/5) D:10
    Orc (1/2) D:10
  Swamp: Lair:2-3    Shoals: Lair:2-3     Snake: Lair:2-3    Spider: Lair:2-3

Shops:
D:9 :

Annotations:
D:7 3 runed translucent doors, Dowan, Duvessa
D:10 2 transporters, fly's ghost, novice DgDe


Innate Abilities, Weirdness & Mutations

You have an increased reservoir of magic. (+10% MP)
You shall have no god before yourself.
Your divine heritage dramatically boosts your attributes as you level up.


Message History

The skyshark tail-slaps you but does no damage.
The skyshark tail-slaps you.
* * * LOW HITPOINT WARNING * * *
Fire: a) +0 shortbow
Press: ? - help, Q - select action, (/) - cycle Shift-Dir - straight line, f/p - skyshark
Aim: a skyshark (heavily wounded, berserk, 80% to hit)
You shoot an arrow. The arrow hits the skyshark.
The skyshark is heavily wounded.
The skyshark barely misses you. x3
Fire: a) +0 shortbow
Press: ? - help, Q - select action, (/) - cycle Shift-Dir - straight line, f/p - skyshark
Aim: a skyshark (heavily wounded, berserk, 80% to hit)
You shoot an arrow. The arrow barely misses the skyshark.
The skyshark closely misses you. The skyshark tail-slaps you.
* * * LOW HITPOINT WARNING * * *
The skyshark misses you. The skyshark bites you.
* * * LOW HITPOINT WARNING * * *
The skyshark completely misses you. The skyshark closely misses you.
Fire: a) +0 shortbow
Press: ? - help, Q - select action, (/) - cycle Shift-Dir - straight line, f/p - skyshark
Aim: a skyshark (heavily wounded, berserk, 80% to hit)
You shoot an arrow.
The arrow hits the skyshark but does no damage.
The skyshark is heavily wounded.
The skyshark bites you.
* * * LOW HITPOINT WARNING * * *
The skyshark barely misses you. The skyshark completely misses you.
Unknown command.
As you read the scroll of teleportation, it crumbles to dust.
You feel strangely unstable. The skyshark closely misses you. x2
The skyshark barely misses you. The skyshark misses you.
The skyshark tail-slaps you.
* * * LOW HITPOINT WARNING * * *
The skyshark barely misses you. The skyshark attacks as you move away!
The skyshark bites you!
* * * LOW HITPOINT WARNING * * *
The skyshark closely misses you.
The skyshark tail-slaps you but does no damage.
The skyshark bites you!!
You die...

##.# ... #P..#
####..
#...###P..#
#...#...###
#.†.P.....#
###.......#
.....
##..##.....#
.....
###...###..#.#
.....
#....###.#@..#
..... ##..###
####l.## ##
..... ###..##
##..# .#.....
##..###
##†#######.l....
##...#
#..##.#..S.....
##..###
##...#.........
#..##
#.#........####
.###
##.#......#.# .#
######.....###


You could see a skyshark (berserk).

Vanquished Creatures
  Fannar (Lair:2)
  3 two-headed ogres
  A death yak (Lair:1)
  A merfolk siren (Lair:2)
  Maurice (D:10)
  A black mamba (Lair:2)
  A cane toad (Lair:1)
  A komodo dragon (D:10)
  A rime drake (Lair:2)
  A kobold demonologist (D:11)
  3 merfolk (Lair:2)
  5 blink frogs (Lair:1)
  3 trolls
  A shadow (D:11)
  2 wyverns
  28 yaks
  A wraith (D:10)
  A steam dragon (D:9)
  5 water moccasins
  An orc warrior (D:7)
  3 black bears
  A sky beast (D:6)
  3 centaurs
  A phantom (D:6)
  4 kobold brigands
  6 bullfrogs
  A gnoll sergeant (D:8)
  5 scorpions
  4 wights (D:6)
  6 killer bees
  4 howler monkeys
  An electric eel (D:10)
  5 jellies
  4 hounds
  3 orc priests
  A sleepcap (D:6)
  5 iguanas
  8 orc wizards
  4 gnolls (D:8)
  4 adders
  2 shadow imps
  3 worms
  A dart slug (D:1)
  30 orcs
  7 ball pythons
  5 endoplasms
  6 giant cockroaches
  9 goblins
  12 hobgoblins
  5 jackals
  22 kobolds
  2 quokkas (D:1)
  2 bats (D:1)
  6 frilled lizards
  5 rats
252 creatures vanquished.

Vanquished Creatures (others)
  5 bushes (D:7)
  3 fungi (Lair:2)
  21 plants
29 creatures vanquished.

Grand Total: 281 creatures vanquished

Notes
Turn   | Place    | Note
-------+----------+-------------------------------------------
     0 | D:1      | MacCMillion the Demigod Hunter began the quest for the Orb.
     0 | D:1      | Reached XP level 1. HP: 17/17 MP: 3/3
    16 | D:1      | Reached skill level 1 in Stealth
   105 | D:1      | Reached XP level 2. HP: 24/24 MP: 4/4
   179 | D:1      | Reached skill level 4 in Ranged Weapons
   454 | D:1      | You fall into a shaft and drop 1 floor!
   528 | D:2      | Reached XP level 3. HP: 24/29 MP: 5/5
  1792 | D:3      | Noticed a scorpion
  2251 | D:4      | Reached skill level 5 in Ranged Weapons
  2251 | D:4      | Reached XP level 4. HP: 36/36 MP: 6/6
  2444 | D:4      | Reached XP level 5. HP: 41/41 MP: 7/7
  2654 | D:4      | Reached skill level 6 in Ranged Weapons
  3014 | D:4      | Noticed a black bear
  3032 | D:4      | Killed a black bear
  3033 | D:4      | Reached XP level 6. HP: 28/48 MP: 8/8
  3442 | D:3      | Reached skill level 7 in Ranged Weapons
  3634 | D:5      | Entered Level 5 of the Dungeon
  3915 | D:5      | Reached XP level 7. HP: 43/53 MP: 9/9
  4100 | D:5      | Reached skill level 8 in Ranged Weapons
  4101 | D:5      | Found a staircase to the Ecumenical Temple.
  5162 | D:6      | Reached skill level 9 in Ranged Weapons
  5852 | D:6      | Reached XP level 8. HP: 60/60 MP: 10/10
  5978 | D:6      | Reached skill level 10 in Ranged Weapons
  6146 | D:6      | Identified the +9 mace of the Warrior {flame, Fly rElec
                  | Stlth-}
  6800 | D:7      | Found a runed translucent gate.
  6800 | D:7      | Found a runed translucent gate.
  6800 | D:7      | Found a runed translucent gate.
  6980 | D:7      | Noticed Duvessa
  7816 | D:8      | Reached XP level 9. HP: 47/70 MP: 11/11
  7821 | D:8      | Reached skill level 11 in Ranged Weapons
  8561 | D:7      | Noticed Dowan
  9838 | D:9      | Found Votaboches's Book Shop.
  9901 | D:9      | Reached skill level 5 in Fighting
  9901 | D:9      | Reached skill level 5 in Dodging
 10073 | D:9      | Reached skill level 12 in Ranged Weapons
 10198 | D:8      | Reached XP level 10. HP: 53/81 MP: 13/13
 11055 | D:9      | Identified the +6 scale mail "Happos" {Harm}
 11854 | D:10     | Entered Level 10 of the Dungeon
 11884 | D:10     | Found a staircase to the Lair.
 12435 | D:10     | Found a transporter.
 12437 | D:10     | Noticed a moth of wrath
 12459 | D:10     | Noticed fly's ghost (novice DgDe)
 12473 | D:10     | Found a transporter.
 12493 | D:10     | Found a staircase to the Orcish Mines.
 12521 | D:10     | Reached skill level 13 in Ranged Weapons
 12542 | D:10     | Noticed a two-headed ogre
 12547 | D:10     | Noticed a catoblepas
 12571 | D:10     | Killed a two-headed ogre
 13197 | D:10     | Noticed Maurice
 13652 | D:10     | Identified the +3 short sword of the Ghost {flame, rC+}
 13699 | D:10     | Killed Maurice
 13856 | Orc:1    | Entered Level 1 of the Orcish Mines
 13856 | Orc:1    | Noticed an orc sorcerer
 13871 | D:11     | Noticed a two-headed ogre
 13877 | D:11     | Killed a two-headed ogre
 13929 | D:11     | Reached XP level 11. HP: 65/91 MP: 14/14
 14076 | D:11     | Noticed a two-headed ogre
 14088 | D:11     | Killed a two-headed ogre
 15092 | Lair:1   | Entered Level 1 of the Lair of Beasts
 15255 | Lair:1   | Reached skill level 14 in Ranged Weapons
 16229 | Lair:2   | Noticed Fannar
 16255 | Lair:2   | Killed Fannar
 16427 | Lair:2   | Noticed a death yak
 16427 | Lair:2   | Noticed a death yak
 16801 | Lair:2   | Noticed a death yak
 16863 | Lair:1   | Killed a death yak
 17124 | Lair:2   | Noticed a skyshark
 17160 | Lair:2   | Mangled by a skyshark

Illustrated notes

Levels and vault maps discovered:
D:1:      nicolae_arrival_memento_mori, layout_loops_ring
D:2:      layout_basic, serial_forest, infiniplex_forest_zigzag_1,
          infiniplex_forest_side_room, infiniplex_forest_lined_room_,
          infiniplex_forest_lined_2, infiniplex_forest_lined_ring,
          infiniplex_forest_end_3, infiniplex_forest_lined_1,
          infiniplex_forest_straight_2, glass_columns_a
D:3:      layout_loops_cross
D:4:      layout_basic
D:5:      layout_loops_ring, nicolae_kikubaaqudgha_miasma_corner,
          okawaru_trees_1, minmay_temple_entry_large_hall
D:6:      layout_loops_ring, nicolae_overflow_hidden_temple, kennysheep_donut
D:7:      layout_basic, fedhas_altar_decomposition, gammafunk_ghost_necromancy,
          uniq_duvessa
D:8:      layout_basic, serial_glass, glass_columns_c, glass_columns_c,
          glass_columns_a, glass_columns_b, glass_columns_c, glass_columns_a,
          glass_columns_a, glass_columns_a
D:9:      layout_basic, serial_shops, shop, grunt_decor_arrowhead,
          kennysheep_generic_room_16
D:10:     layout_basic, david_lair_shrubbed, orc_0_dummy,
          gammafunk_ghost_berserking_beasts, uniq_maurice
D:11:     layout_irregular_city
Lair:1:   layout_roguey
Lair:2:   layout_cave_pods, elwin_shoals_entry_stream, minivault_23, uniq_fannar
Orc:1:    layout_diamond_mine, serial_shops, shop

Skill      XL: |  1  2  3  4  5  6  7  8  9 10 11 |
---------------+----------------------------------+-----
Stealth        | 1 2 |  2.0
Ranged Weapons | 4 5 6 7 9 10 12 13 14 | 14.6
Fighting       | 3 5 6 8 |  8.0
Dodging        | 3 5 6 8 |  8.1

Action                     |  1- 3 |  4- 6 |  7- 9 | 10-12 || total
---------------------------+-------+-------+-------+-------++-------
   Fire: Shortbow          |   139 |   129 |   465 |   526 ||  1259
    Use: Scroll            |       |       |    20 |     1 ||    21
         Potion            |       |       |     2 |       ||     2
 Armour: Leather armour    |    15 |    21 |    48 |       ||    84
         Ring mail         |       |       |    59 |    17 ||    76
         Steam dragon scal |       |       |       |    45 ||    45
  Dodge: Dodged            |    30 |    54 |   189 |   237 ||   510

Table legend: (Time is in decaauts)
 A = Elapsed time spent in this place.
 B = Non-inter-level travel time spent in this place.
 C = Inter-level travel time spent in this place.
 D = Time resting spent in this place.
 E = Time spent auto-exploring this place.
 F = Levels seen in this place.
 G = Mean time per level.
                   A        B        C        D        E       F      G
               +--------+--------+--------+--------+--------+-----+--------+
         Total |  17174 |  16494 |    680 |   6078 |   8097 |  14 | 1226.7 |
       Dungeon |  15153 |  14537 |    616 |   5447 |   7131 |  11 | 1377.5 |
          Lair |   2019 |   1955 |     64 |    631 |    966 |   2 | 1009.5 |
  Orcish Mines |      1 |      1 |      0 |      0 |      0 |   1 |    1.0 |
               +--------+--------+--------+--------+--------+-----+--------+

Top non-repeatable levels by time:
     D:8: 2189 daAuts
     D:6: 2036 daAuts
     D:9: 1917 daAuts
    D:10: 1848 daAuts
     D:7: 1454 daAuts
     D:4: 1221 daAuts
  Lair:2: 1100 daAuts
     D:2: 1099 daAuts
     D:5: 1015 daAuts
    D:11: 988 daAuts
  Lair:1: 919 daAuts
     D:1: 693 daAuts
     D:3: 687 daAuts
   Orc:1: 1 daAuts
